AoeStats
← EloJhowB

Arabia

509592978Analyzed
2v2 RM · 6d ago on Sep 27, 2026· 26m 6s· 4 players
Game mode
Random Map
Map size
Medium (4 player)
Population
200
Speed
Normal
Resources
Standard
Victory
Conquest
Starting age
Dark Age
Ending age
Imperial Age
RankedLock teamsTeams togetherTeam positionsShared explorationLock speedFull tech treeHidden civsTurbo modeCheats
Victory
Defeat
🇧🇷 Mongols · Brazil
894
+16
🇧🇷 Chinese · Brazil
893
+16
🇷🇺 Slavs · Russia
941
-18
🇦🇺 Teutons · Australia
852
-38
EloJhowB
7:09 Loom
9:22 Feudal Age
15:05 Double-Bit Axe
18:20 Fletching
20:04 Horse Collar
23:40 Castle Age
22:45 Padded Archer Armor
23:52 Crossbowman
24:30 Bodkin Arrow
24:00 Pikeman
24:58 Forging
JBerck
0:30 Loom
10:59 Feudal Age
13:34 Wheelbarrow
13:58 Gold Mining
18:40 Wheelbarrow
20:23 Fletching
21:08 Padded Archer Armor
21:20 Forging
22:14 Scale Barding Armor
22:47 Double-Bit Axe
24:10 Town Watch
25:37 Bloodlines
danil
8:33 Loom
10:38 Feudal Age
12:09 Horse Collar
15:59 Wheelbarrow
21:40 Castle Age
23:36 Forging
bob123454
13:01 Feudal Age
Connection lost

Rejoining the realm…

Still unreachable

The connection could not be restored.

Session expired

The server has moved on; the page needs a fresh start.